 Dungeon Crawl Stone Soup version 0.16.2-12-gd0ad4c3 (webtiles) character file.

25416 faibistes the Thaumaturge (level 12, -3/73 HPs)
             Began as a Deep Elf Wizard on Sept 29, 2018.
             Was an Elder of Sif Muna.
             Slain by a four-headed hydra (9 damage)
             ... on level 5 of the Lair of Beasts.
             The game lasted 01:02:57 (22484 turns).

faibistes the Thaumaturge (Deep Elf Wizard)        Turns: 22484, Time: 01:02:58

Health: -3/73      AC:  5    Str:  4    XL:     12   Next: 89%
Magic:  45/45      EV: 17    Int: 29    God:    Sif Muna [****..]
Gold:   317        SH:  0    Dex: 13    Spells: 9 memorised, 9 levels left

rFire  . . .     SeeInvis .     w - +1 dagger (venom)
rCold  . . .     Clarity  .     a - +0 robe
rNeg   . . .     SustAb   .     (no shield)
rPois  .         Gourm    .     b - +0 hat
rElec  .         Spirit   .     f - +0 cloak
rCorr  .         Warding  .     (no gloves)
rMut   .         Stasis   .     t - +1 pair of boots
MR     +....                    (no amulet)
Stlth  ++........               z - ring of magical power
                                u - ring of wizardry

@: repel missiles, somewhat resistant to hostile enchantments, unstealthy
A: talons 1
a: Channel Energy, Forget Spell, Renounce Religion


You were on level 5 of the Lair of Beasts.
You worshipped Sif Muna.
Sif Muna was greatly pleased with you.
You were not hungry.

You visited 3 branches of the dungeon, and saw 17 of its levels.

You collected 917 gold pieces.
You spent 600 gold pieces at shops.

Inventory:

Hand weapons
 m - a +0 short sword of electrocution
 w - a +1 dagger of venom (weapon)
Armour
 a - a +0 robe (worn)
 b - a +0 hat (worn)
 f - a +0 cloak (worn)
 t - a +1 pair of boots (worn)
Rods
 y - a +0 iron rod (12/12)
   (You found it on level 1 of the Lair of Beasts)
Jewellery
 p - an uncursed ring of invisibility
 u - a ring of wizardry (left hand)
 z - a ring of magical power (right hand)
 P - an uncursed ring of flight
Magical devices
 c - a wand of paralysis (8)
 x - a wand of teleportation (0)
 A - a wand of polymorph (16)
 C - a wand of paralysis (18)
 D - a wand of digging (10)
 J - a wand of fire (5)
 N - a wand of magic darts (29)
 S - a wand of hasting (6)
Scrolls
 v - a scroll of fear
 E - a scroll of magic mapping
 L - 5 scrolls of identify
Potions
 h - 3 potions of haste
 i - 3 potions of cancellation
 l - 2 potions of agility
 n - a potion of invisibility
 o - 7 potions of curing
 q - a potion of magic
 r - 3 potions of ambrosia
 s - 3 potions of cure mutation
 I - 2 potions of might
 O - 2 potions of brilliance
Comestibles
 d - 11 bread rations
 g - 2 chunks of flesh
 j - a fruit
 F - 6 meat rations
 G - a royal jelly
 R - a slice of pizza


   Skills:
 + Level 7.7 Fighting
 + Level 9.9 Dodging
 - Level 2.4 Stealth
 * Level 14.4 Spellcasting
 + Level 6.8 Conjurations
 + Level 6.0 Charms
 - Level 3.1 Summonings
 + Level 4.9 Translocations
 + Level 6.1 Fire Magic
 - Level 2.8 Air Magic
 * Level 5.3 Earth Magic
 - Level 2.2 Poison Magic
 * Level 6.6 Invocations
 + Level 5.0 Evocations


You had 9 spell levels left.
You knew the following spells:

 Your Spells              Type           Power        Failure   Level  Hunger
a - Magic Dart            Conj           ####         1%          1    None
b - Conjure Flame         Conj/Fire      ######..     1%          3    None
c - Summon Forest         Summ/Tloc      #####.....   6%          5    None
d - Blink                 Tloc           N/A          1%          2    None
e - Mephitic Cloud        Conj/Pois/Air  #####...     1%          3    None
f - Repel Missiles        Chrm/Air       #####.       1%          2    None
h - Haste                 Chrm           ######..     14%         6    ####...
x - Stone Arrow           Conj/Erth      ######       1%          3    None
z - Fireball              Conj/Fire      ######....   2%          5    None


Dungeon Overview and Level Annotations

Branches:
Dungeon (11/15)            Temple (1/1) D:7            Lair (5/8) D:10
    Orc (0/4) D:9
  Swamp: Lair:3-6    Shoals: Lair:3-6     Snake: Lair:3-6    Spider: Lair:3-6

Altars:
Ashenzari
Cheibriados
Dithmenos
Elyvilon
Fedhas
Gozag
Kikubaaqudgha
Makhleb
Nemelex Xobeh
Okawaru
Qazlal
Ru
Sif Muna
Trog
Vehumet
Xom
Yredelemnul
Zin
The Shining One

Shops:
D:6 (   D:7 =   D:8 =   D:10 ?


Innate Abilities, Weirdness & Mutations

You have sharp toenails.


Message History

You start resting.
HP restored.
You climb downwards.
The wolf misses you. The adder misses you. The wolf closely misses you.
The four-headed hydra closely misses you.
The four-headed hydra bites you!
The four-headed hydra closely misses you.
The four-headed hydra bites you! The wolf closely misses you.
The wolf closely misses you. The adder bites you.
The four-headed hydra misses you.
The four-headed hydra closely misses you.
The four-headed hydra bites you! The four-headed hydra bites you.
There is a stone staircase leading up, spattered with blood here.
The wolf bites you. x2
The adder bites you. The wolf misses you. The wolf bites you!
* * * LOW HITPOINT WARNING * * *
The four-headed hydra bites you!
* * * LOW HITPOINT WARNING * * *
The four-headed hydra bites you!
You die...

...
#.....!.#
.(.... ..
........
....#. .#
#.⌠..
#...
##.†.#..#
#.h.S.#
#.h@..#
#.DH...#
##....##
#.⌠.##
#....
[.....
....(.
.......#
# ... #


You could see a four-headed hydra, a hippogriff, 2 wolves and an adder.

Vanquished Creatures
  2 hydras
  The ghost of faibistes the Thaumaturge, a powerful DEWz of Sif Muna (Lair:2)
  An ugly thing (D:10)
  9 elephants
  2 black mambas
  A manticore (D:10)
  Psyche (D:9)
  5 spiny frogs
  2 komodo dragons
  2 polar bears
  A two-headed ogre (D:9)
  A troll (D:9)
  A merfolk (D:9)
  Grinder (D:4)
  Prince Ribbit (D:6)
  4 blink frogs (Lair:2)
  A centaur simulacrum (D:11)
  A deep elf mage (D:10)
  4 wyverns
  A hungry ghost (D:8)
  Grum (D:8)
  16 yaks
  6 hippogriffs
  4 wolves
  A deep elf fighter (D:10)
  4 water moccasins
  Edmund (D:7)
  8 orc warriors
  4 porcupines
  An eye of draining (D:10)
  5 sky beasts
  3 phantoms
  2 black bears
  12 centaurs
  9 crocodiles
  10 ogres
  Sigmund (D:3)
  Duvessa (D:9)
  A boring beetle (Lair:3)
  2 gnoll sergeants
  10 giant frogs
  5 killer bees
  4 scorpions
  4 wights (D:5)
  Dowan (D:9)
  8 jellies
  An electric eel (Lair:2)
  11 crimson imps
  A goliath beetle (D:7)
  7 hounds
  A giant frog zombie (D:5)
  A gnoll shaman (D:9)
  12 orc priests
  9 worker ants
  Natasha (D:3)
  8 iguanas
  A hell rat (D:5)
  13 orc wizards
  A hound skeleton (D:7)
  A mummy (D:8)
  A worker ant zombie (D:6)
  15 adders
  16 gnolls
  15 river rats
  5 shadow imps
  A white imp (Lair:2)
  An ufetubus (D:11)
  A worker ant simulacrum (D:11)
  5 worms
  An adder skeleton (D:7)
  6 giant geckos
  An ooze (D:2)
  34 orcs
  25 bats
  3 giant cockroaches
  9 goblins
  15 hobgoblins
  19 jackals
  7 quokkas
  2 ball pythons
  4 giant newts
  15 kobolds
  42 rats
  A bush (Lair:3)
  A fungus (Lair:2)
  A plant (Lair:3)
480 creatures vanquished.

Vanquished Creatures (collateral kills)
  Maurice (D:9)
  A worker ant (D:9)
  A gnoll (D:9)
  4 river rats
  An adder (D:2)
  3 bats
  A giant cockroach (D:4)
  A quokka (D:10)
  4 jackals
  A plant (Lair:3)
18 creatures vanquished.

Vanquished Creatures (others)
  A crimson imp (D:10)
  A white imp (D:4)
  A giant spore (D:10)
  6 fungi
  3 plants
  50 snaplasher vine segments (Lair:3)
62 creatures vanquished.

Grand Total: 560 creatures vanquished

Notes
Turn   | Place    | Note
--------------------------------------------------------------
     0 | D:1      | faibistes, the Deep Elf Wizard, began the quest for the Orb.
     0 | D:1      | Reached XP level 1. HP: 10/10 MP: 6/6
   469 | D:2      | Reached XP level 2. HP: 7/15 MP: 0/10
   553 | D:1      | Learned a level 2 spell: Blink
   556 | D:1      | Learned a level 2 spell: Call Imp
   826 | D:1      | Reached skill level 5 in Spellcasting
  1170 | D:2      | Reached XP level 3. HP: 19/19 MP: 1/14
  1184 | D:2      | Learned a level 3 spell: Conjure Flame
  1188 | D:2      | Learned a level 3 spell: Mephitic Cloud
  1460 | D:2      | Reached XP level 4. HP: 18/24 MP: 7/17
  1471 | D:2      | Learned a level 2 spell: Repel Missiles
  2444 | D:3      | Noticed Sigmund
  2485 | D:3      | Killed Sigmund
  2485 | D:3      | Reached skill level 6 in Spellcasting
  2485 | D:3      | Reached XP level 5. HP: 26/28 MP: 17/20
  2585 | D:2      | Found a basalt altar of Yredelemnul.
  2794 | D:2      | Found a shadowy altar of Dithmenos.
  2992 | D:3      | Found a glowing golden altar of the Shining One.
  3047 | D:4      | Noticed a phantom
  3327 | D:3      | Reached XP level 6. HP: 21/32 MP: 22/22
  3514 | D:4      | Reached skill level 7 in Spellcasting
  3553 | D:4      | Killed a phantom
  3571 | D:3      | Found an iron altar of Okawaru.
  3689 | D:3      | Found an ancient bone altar of Kikubaaqudgha.
  3930 | D:3      | Found a sacrificial altar of Ru.
  4034 | D:3      | Noticed Natasha
  4052 | D:3      | Killed Natasha
  4138 | D:5      | Entered Level 5 of the Dungeon
  4283 | D:5      | Reached skill level 1 in Fighting
  4289 | D:5      | Reached XP level 7. HP: 7/38 MP: 13/25
  4877 | D:4      | Noticed Grinder
  4884 | D:4      | Paralysed by Grinder for 5 turns
  4885 | D:4      | Killed Grinder
  4885 | D:4      | Reached skill level 8 in Spellcasting
  5142 | D:5      | Reached skill level 5 in Dodging
  5245 | D:5      | Learned a level 5 spell: Fireball
  5781 | D:5      | Reached skill level 9 in Spellcasting
  5930 | D:5      | Reached XP level 8. HP: 44/46 MP: 17/28
  6722 | D:5      | Reached skill level 10 in Spellcasting
  7483 | D:6      | Noticed Prince Ribbit
  7548 | D:6      | Killed Prince Ribbit
  7548 | D:6      | Reached skill level 5 in Fighting
  7548 | D:6      | Reached XP level 9. HP: 42/54 MP: 21/31
  7683 | D:6      | Found a basalt altar of Yredelemnul.
  7690 | D:6      | Reached skill level 11 in Spellcasting
  8179 | D:6      | Found Umuasob's Weapon Emporium.
  8537 | D:8      | Found Vusoly's Jewellery Shop.
  8773 | D:8      | Bought an uncursed ring of magical power for 240 gold pieces
  8861 | D:9      | Noticed Maurice
  9172 | D:7      | Found Jyufaqy's Jewellery Boutique.
  9621 | D:7      | Reached skill level 12 in Spellcasting
  9672 | D:8      | Noticed Edmund
  9695 | D:7      | Killed Edmund
  9889 | D:8      | Found a glowing silver altar of Zin.
 10008 | D:7      | Found a blossoming altar of Fedhas.
 10157 | D:7      | Found a staircase to the Ecumenical Temple.
 10187 | Temple   | Entered the Ecumenical Temple
 10213 | Temple   | Became a worshipper of Sif Muna the Loreminder
 10674 | D:7      | Reached skill level 1 in Fire Magic
 10674 | D:7      | Reached XP level 10. HP: 59/61 MP: 27/33
 10777 | D:9      | Reached skill level 1 in Air Magic
 10833 | D:9      | Killed Maurice
 11142 | D:8      | Acquired Sif Muna's first power
 11312 | D:8      | Reached skill level 1 in Poison Magic
 11379 | D:8      | Noticed Grum
 11395 | D:8      | Killed Grum
 11513 | D:8      | Reached skill level 5 in Conjurations
 12374 | D:8      | Bought an uncursed ring of wizardry for 360 gold pieces
 12422 | D:10     | Entered Level 10 of the Dungeon
 12697 | D:9      | Found a blossoming altar of Fedhas.
 12984 | D:9      | Noticed Duvessa
 12986 | D:9      | Noticed Dowan
 13001 | D:9      | Killed Duvessa
 13001 | D:9      | Acquired Sif Muna's second power
 13001 | D:9      | Reached skill level 1 in Invocations
 13067 | D:9      | Killed Dowan
 13095 | D:9      | Gained mutation: You have sharp toenails. [potion of beneficial mutation]
 13237 | D:9      | Noticed Psyche
 13248 | D:9      | Killed Psyche
 13248 | D:9      | Reached skill level 1 in Charms
 13248 | D:9      | Reached skill level 1 in Evocations
 13522 | D:9      | Found a staircase to the Orcish Mines.
 13540 | D:9      | Reached skill level 13 in Spellcasting
 13995 | D:10     | Found Hysiz's Magic Scroll Shoppe.
 14017 | D:10     | Reached XP level 11. HP: 66/66 MP: 34/34
 14024 | D:10     | Noticed a manticore
 14029 | D:10     | Killed a manticore
 14735 | D:10     | Found a snail-covered altar of Cheibriados.
 14977 | D:10     | Found a staircase to the Lair.
 15656 | D:11     | Noticed a cyan ugly thing
 15794 | D:10     | Killed a cyan ugly thing
 16920 | Lair:1   | Entered Level 1 of the Lair of Beasts
 17120 | Lair:1   | Reached skill level 5 in Fire Magic
 17180 | Lair:1   | Learned a level 6 spell: Haste
 17190 | Lair:1   | Learned a level 9 spell: Shatter
 17493 | Lair:1   | Noticed a five-headed hydra
 17508 | Lair:1   | Killed a five-headed hydra
 17508 | Lair:1   | Reached skill level 1 in Earth Magic
 18052 | Lair:4   | Reached XP level 12. HP: 65/72 MP: 14/36
 18226 | Lair:5   | Reached skill level 5 in Invocations
 18343 | Lair:2   | Noticed faibistes' ghost (powerful DEWz)
 18576 | Lair:2   | Learned a level 3 spell: Stone Arrow
 18597 | Lair:2   | Killed faibistes' ghost
 18756 | Lair:2   | Reached skill level 14 in Spellcasting
 18762 | Lair:2   | Reached skill level 5 in Charms
 18908 | Lair:1   | Learned a level 5 spell: Summon Forest
 20004 | Lair:2   | Got an opalescent robe
 20016 | Lair:2   | Identified the cursed -4 robe "Ymiruduvie" {rC+ Dex+2} (You found it on level 2 of the Lair of Beasts)
 21159 | Lair:3   | Acquired Sif Muna's third power
 21159 | Lair:3   | Reached skill level 5 in Earth Magic
 21455 | Lair:3   | Found a burning altar of Makhleb.
 22340 | Lair:5   | Noticed a five-headed hydra
 22343 | Lair:5   | Noticed a four-headed hydra
 22345 | Lair:5   | Killed a five-headed hydra
 22350 | Lair:4   | Reached skill level 5 in Evocations
 22484 | Lair:5   | Slain by a four-headed hydra

Action                   |  1- 3 |  4- 6 |  7- 9 | 10-12 || total
-------------------------+-------+-------+-------+-------++-------
Melee: Club              |    14 |       |       |       ||    14
       Short sword       |       |    64 |    48 |       ||   112
       Dagger            |       |       |    59 |   326 ||   385
 Cast: Magic Dart        |    62 |   133 |   426 |   315 ||   936
       Call Imp          |     4 |     7 |       |     4 ||    15
       Mephitic Cloud    |       |     6 |    33 |    55 ||    94
       Conjure Flame     |       |     4 |    42 |    79 ||   125
       Repel Missiles    |       |     2 |     3 |     1 ||     6
       Blink             |       |     2 |    13 |    51 ||    66
       Fireball          |       |       |       |   160 ||   160
       Stone Arrow       |       |       |       |    22 ||    22
       Summon Forest     |       |       |       |     1 ||     1
Invok: Channel Energy    |       |       |       |     7 ||     7
Evoke: Wand              |       |       |       |     1 ||     1
       Rod               |       |       |       |     2 ||     2
  Use: Scroll            |     1 |     9 |     9 |    14 ||    33
       Potion            |       |       |       |     2 ||     2
 Stab: Confused          |       |     2 |     3 |     5 ||    10
       Sleeping          |       |     1 |     1 |     4 ||     6
       Distracted        |       |       |     1 |     1 ||     2
  Eat: Chunk             |     1 |     9 |    14 |    42 ||    66
       Fruit             |       |       |     2 |     1 ||     3
       Pizza             |       |       |     2 |       ||     2
